 Dungeon Crawl Stone Soup version 0.30.1 (webtiles) character file.

Game seed: 2742535017933121802

86 Arctor the Insei (level 4, 0/43 HPs)
             Began as an Octopode Transmuter on July 12, 2023.
             Slain by a cerulean imp
             ... wielding a +2 spear
             ... summoned by Natasha
              (2 damage)
             ... on level 3 of the Dungeon.
             The game lasted 00:02:19 (1823 turns).

Arctor the Insei (Octopode Transmuter)              Turns: 1823, Time: 00:02:20

Health: 0/43       AC: 22    Str:  9    XL:     4   Next: 50%
Magic:  7/7        EV:  2    Int: 17    God:
Gold:   105        SH:  0    Dex: 12    Spells: 7/8 levels left

rFire   . .          .
                       - Unarmed
rCold   + . .        (no shield)
rNeg    . . .        (helmet currently unavailable)
rPois   +            (no amulet)
rElec   .            b - ring of protection from cold
rCorr   .            (no ring)
SInv    .            (no ring)
Will    .....        (no ring)
Stlth   +            (no ring)
HPRegen 0.27/turn    (no ring)
MPRegen 0.10/turn    (no ring)
                     (no ring)

%: no passive effects
@: tree-form
A: stationary, stasis, torment immunity, boosted hp, almost no armour,
(amphibious), 8 rings, (camouflage 1), (gelatinous body 1), (nimble swimmer 1),
(tentacles)
a: no special abilities


You were on level 3 of the Dungeon.
You were a tree.
You visited 1 branch of the dungeon, and saw 3 of its levels.

You collected 105 gold pieces.

Inventory:

Jewellery
 b - a ring of protection from cold (left branch)
Scrolls
 c - 2 scrolls of identify
 d - 3 scrolls of magic mapping
 e - a scroll of vulnerability
 f - a scroll of enchant weapon {unknown}
 h - a scroll of teleportation {unknown}
Potions
 g - a potion of invisibility {unknown}


   Skills:
 + Level 1.9 Fighting
 + Level 2.5 Dodging
 + Level 3.4 Unarmed Combat
 + Level 2.5 Spellcasting
 * Level 2.8 Transmutations


You had 7 spell levels left.
You knew the following spells:

 Your Spells              Type           Power      Damage    Failure   Level
a - Beastly Appendage     Tmut           22%        N/A       5%          1

Your spell library contained the following spells:

 Spells                   Type           Power      Damage    Failure   Level
 Wereblood                Tmut           11%        N/A       9%          2
 Static Discharge         Conj/Air       4%         2-3/arc   28%         2
 Spider Form              Tmut/Pois      7%         N/A       30%         3
 Gell's Gravitas          Tloc           2%         N/A       50%         3
 Stone Arrow              Conj/Erth      4%         3d7       50%         3
 Teleport Other           Tloc           2%         N/A       50%         3
 Ice Form                 Ice/Tmut       7%         N/A       71%         4
 Blade Hands              Tmut           5%         N/A       83%         5
 Airstrike                Air            1%         2d(1-17)  88%         4
 Summon Lightning Spire   Summ/Air       2%         N/A       88%         4
 Irradiate                Conj/Tmut      3%         3d12      96%         5
 Dispersal                Tloc           1%         N/A       100%        6
 Dragon Form              Tmut           5%         N/A       100%        7
 Lehudib's Crystal Spear  Conj/Erth      1%         10d2      100%        8
 Animate Armour           Summ/Erth      Unusable   N/A       N/A         4

Dungeon Overview and Level Annotations

Branches:
Dungeon (3/15)

Altars:

Shops:
D:2 =

Annotations:
D:2 2 transporters
D:3 Natasha


Innate Abilities, Weirdness & Mutations

You are a tree.
Your roots penetrate the ground, keeping you stationary.
You cannot be teleported.
You are immune to unholy pain and torment.
Your maximum health is greatly increased.
You cannot wear most types of armour.
((You are amphibious.))
You can wear up to eight rings at the same time.
((Your skin changes colour to match your surroundings (Stealth+).))
((Your rubbery body absorbs attacks. (AC +1, EV +1)))
((You are camouflaged when in or above water. (Stealth+)))
((You have tentacles for arms and can constrict up to eight enemies at once.))


Message History

You see here the felid corpse of Natasha.
You tentacle-slap Natasha. Your grab misses Natasha.
You pierce Natasha.
Your squeeze misses Natasha.
Natasha is moderately wounded.
Natasha claws you.
You tentacle-slap Natasha. Your grab misses Natasha.
Your squeeze misses Natasha.
Natasha is heavily wounded.
Natasha barely misses you.
Natasha stares at you and mumbles some strange words.
The magic dart hits you.
You see here the felid corpse of Natasha.
Your tentacle spike disappears.
The ball python closely misses you. The ball python misses you.
You see here the felid corpse of Natasha.
You tentacle-slap the ball python.
You kill the ball python!
Natasha casts a spell.
You barely miss Natasha. Your grab misses Natasha.
Natasha is heavily wounded.
Natasha barely misses you.
You tentacle-slap Natasha. Your grab misses Natasha.
Your tentacle-slap misses Natasha.
Natasha is severely wounded.
The cerulean imp hits you from afar with a +2 spear.
Natasha claws you.
You closely miss Natasha. Your grab misses Natasha.
Your squeeze misses Natasha.
Natasha is severely wounded.
The cerulean imp barely misses you. Natasha claws you!
* * * LOW HITPOINT WARNING * * *
Really quaff the potion of lignification?
You turn into a tree.
Your roots penetrate the ground.
The cerulean imp hits you but does no damage.
Natasha claws you but does no damage.
Unknown command.
You barely miss Natasha.
Natasha is severely wounded.
The cerulean imp hits you from afar with a +2 spear.
You die...

.......# #....#####.####
.......###....##........
.......................
....................##.
####...##.....##.##.....
........................
....$............5...........
####..........##h##.###.....#
..............##♣##.# #.....#
###...........##.##.# #.....#
#..####..#####.##.###.....#
#.. #................... #..
#.######........#.# #. #.#
#........#.# .. #..
............#.####.# #..
.....##.............
#...........####...###..


You could see Natasha and a cerulean imp (summoned).

Vanquished Creatures
  Natasha (D:3)
  An adder (D:2)
  A worm (D:2)
  2 dart slugs (D:1)
  3 ball pythons
  8 endoplasms
  A giant cockroach (D:2)
  3 goblins
  5 hobgoblins
  8 kobolds
  2 quokkas
  4 bats
  3 frilled lizards
  2 rats
44 creatures vanquished.

Notes
Turn   | Place    | Note
-------+----------+-------------------------------------------
     0 | D:1      | Arctor the Octopode Transmuter began the quest for the Orb.
     0 | D:1      | Reached XP level 1. HP: 13/13 MP: 3/3
   182 | D:1      | Reached XP level 2. HP: 17/17 MP: 5/5
   790 | D:1      | Reached XP level 3. HP: 22/22 MP: 4/6
  1289 | D:2      | Found a transporter.
  1289 | D:2      | Found Mioh's Jewellery Shop.
  1329 | D:2      | Reached XP level 4. HP: 26/29 MP: 5/7
  1603 | D:2      | Found a transporter.
  1744 | D:3      | Noticed Natasha
  1751 | D:3      | Killed Natasha
  1783 | D:3      | Noticed Natasha
  1821 | D:3      | HP: 1/29 [Natasha (8)]
  1823 | D:3      | Slain by a cerulean imp

Illustrated notes

Levels and vault maps discovered:
D:1:      dpeg_arrival_boxorama, layout_basic
D:2:      layout_rooms, serial_shops, nicolae_shop_drivethru
D:3:      layout_basic, uniq_natasha, uniq_pargi

Action                     |  1- 3 |  4- 6 || total
---------------------------+-------+-------++-------
  Melee: Unarmed           |    83 |    16 ||    99
         Constrict         |    26 |     3 ||    29
         Kick              |    24 |     3 ||    27
         Tentacles         |    15 |     2 ||    17
         Punch             |     2 |       ||     2
   Cast: Beastly Appendage |    28 |     8 ||    36
    Use: Scroll            |     2 |       ||     2
         Potion            |       |     1 ||     1
   Stab: Sleeping          |     6 |       ||     6
 Armour: Skin              |     6 |     2 ||     8
  Dodge: Dodged            |    50 |    12 ||    62
